[Event "Titled Tuesday Blitz January 17 Early 2023"]
[White "Bortnyk, Olexandr"]
[Black "Lortkipanidze, Nodar"]
[WhiteFideId "14120828"]
[BlackFideId "13604058"]
[WhiteElo "2605"]
[BlackElo "2406"]
[Result "1-0"]
[Round "03"]
[TimeControl "180+2"]
[Date "2023.01.17"]
[WhiteClock "0:00:12"]
[BlackClock "0:00:21"]

1. e4 e5 2. Nf3 Nf6 3. Nxe5 Nxe4 4. Qe2 Qe7 5. Qxe4 d6 6. d4 dxe5 7. dxe5 Nc6 8. f4 Bg4 9. Nc3 O-O-O 10. Be3 g6 11. Ba6 Kb8 12. O-O Qb4 13. Bd3 Qxb2 14. Rab1 Qxc3 15. Rb3 Rxd3 16. cxd3 Qxb3 17. axb3 Bf5 18. Qd5 Be6 19. Qf3 Bb4 20. g4 Rd8 21. f5 gxf5 22. gxf5 Bxb3 23. d4 Bd5 24. Qg4 a5 25. Ra1 Bc3 26. Rc1 Bb4 27. Qg5 Be7 28. Qg7 a4 29. Bg5 f6 30. exf6 Ba3 31. Re1 Bb2 32. f7 Bxd4+ 33. Qxd4 Nxd4 34. Re8 Nf3+ 35. Kf2 Bxf7 36. Rxd8+ Ka7 37. Kxf3 b5 38. Rd7 Bh5+ 39. Ke4 Kb6 40. Be3+ Kc6 41. Rxh7 Bd1 42. Rh6+ Kb7 43. Bc5 Bb3 44. h4 c6 45. Kd4 Bd5 46. Rh7+ Kb8 47. f6 Kc8 48. f7 1-0


[Site "https://www.chess.com"]

[Event "Titled Tuesday Blitz January 17 Early 2023"]
[White "Harshavardhan G B"]
[Black "Korobov, Anton"]
[WhiteFideId "25059009"]
[BlackFideId "14105730"]
[WhiteElo "2408"]
[BlackElo "2664"]
[Result "0-1"]
[Round "03"]
[TimeControl "180+2"]
[Date "2023.01.17"]
[WhiteClock "0:00:17"]
[BlackClock "0:00:51"]

1. Nf3 d5 2. g3 Nf6 3. Bg2 e6 4. O-O b5 5. d3 Bb7 6. Nbd2 Be7 7. Qe1 a5 8. e4 O-O 9. Nh4 Na6 10. a3 b4 11. a4 dxe4 12. dxe4 Nc5 13. e5 Nd5 14. f4 Bxh4 15. gxh4 Qe8 16. Ne4 Nxe4 17. Bxe4 Bc6 18. Qe2 Ne7 19. Bd2 Rd8 20. Be1 Nf5 21. Bf2 f6 22. Kh1 Rd2 23. Qf3 Rxc2 24. Rac1 Bxe4 25. Qxe4 Rxb2 26. exf6 Rxf6 27. Rxc7 h6 28. Bd4 Nxd4 29. Qxd4 Qa8+ 0-1


[Site "https://www.chess.com"]

[Event "Titled Tuesday Blitz January 17 Early 2023"]
[White "Lazavik, Denis"]
[Black "Mikhailovsky, Vladimir"]
[WhiteFideId "13515110"]
[BlackFideId "34105414"]
[WhiteElo "2544"]
[BlackElo "2215"]
[Result "1-0"]
[Round "03"]
[TimeControl "180+2"]
[Date "2023.01.17"]
[WhiteClock "0:00:59"]
[BlackClock "0:00:02"]

1. d4 d6 2. c4 e5 3. Nf3 e4 4. Nfd2 f5 5. Nc3 Nf6 6. e3 Be7 7. b4 O-O 8. Qb3 Kh8 9. a4 Be6 10. b5 Nbd7 11. Be2 Bg8 12. Ba3 d5 13. Bxe7 Qxe7 14. Qa3 Qe8 15. g3 dxc4 16. Nxc4 Nb6 17. Ne5 Nbd5 18. Nxd5 Bxd5 19. O-O Nd7 20. Nxd7 Qxd7 21. Rfc1 g5 22. Bc4 Bxc4 23. Rxc4 f4 24. Qc5 Rae8 25. Qxg5 fxe3 26. fxe3 Re7 27. Rac1 Ref7 28. Qe5+ Kg8 29. Rxc7 1-0


[Site "https://www.chess.com"]

[Event "Titled Tuesday Blitz January 17 Early 2023"]
[White "Puranik, Abhimanyu"]
[Black "Mahdavi, Reza"]
[WhiteFideId "5061245"]
[BlackFideId "12595926"]
[WhiteElo "2613"]
[BlackElo "2339"]
[Result "1-0"]
[Round "03"]
[TimeControl "180+2"]
[Date "2023.01.17"]
[WhiteClock "0:00:33"]
[BlackClock "0:00:49"]

1. c4 g6 2. g3 Bg7 3. Bg2 c5 4. Nc3 Nc6 5. d3 e6 6. Bd2 Nge7 7. h4 h5 8. Nf3 O-O 9. Qc1 b6 10. Bh6 d5 11. Bxg7 Kxg7 12. O-O Bb7 13. a3 dxc4 14. dxc4 Na5 15. Nd2 Bxg2 16. Kxg2 Qc7 17. Qc2 Rad8 18. b3 Rd7 19. Nf3 Rfd8 20. Ne4 f6 21. Rad1 e5 22. Nc3 Qc6 23. e4 Qe6 24. Rxd7 Rxd7 25. Nd5 Nac6 26. b4 Nd4 27. Qd3 Nxd5 28. cxd5 Qd6 29. bxc5 bxc5 30. Rb1 Rc7 31. Qc4 Kh6 32. Ne1 f5 33. Nf3 fxe4 34. Ng5 Rd7 35. Nxe4 Qxd5 36. Qxd5 Rxd5 37. Rb7 Ne6 38. Nf6 1-0


[Site "https://www.chess.com"]

[Event "Titled Tuesday Blitz January 17 Early 2023"]
[White "Lu, Shanglei"]
[Black "Salimova, Nurgyul"]
[WhiteFideId "8603332"]
[BlackFideId "2915138"]
[WhiteElo "2596"]
[BlackElo "2391"]
[Result "1-0"]
[Round "03"]
[TimeControl "180+2"]
[Date "2023.01.17"]
[WhiteClock "0:00:16"]
[BlackClock "0:00:01"]

1. e4 e5 2. Nf3 Nc6 3. Bb5 a6 4. Ba4 Nf6 5. O-O Nxe4 6. d4 b5 7. Bb3 d5 8. dxe5 Be6 9. Be3 Be7 10. Nbd2 Nc5 11. c3 O-O 12. Bc2 Qd7 13. Nb3 Nxb3 14. axb3 Rfd8 15. Nd4 Nxe5 16. f4 Ng4 17. f5 Nxe3 18. fxe6 Nxd1 19. exd7 Ne3 20. Rae1 Bg5 21. Bf5 g6 22. Bh3 Nxf1 23. Kxf1 f5 24. Ne6 Bf6 25. Nxd8 Rxd8 26. Re6 Kf7 27. Rxa6 Rxd7 28. g4 fxg4 29. Bxg4 Re7 30. Ra5 c6 31. Ra6 Rc7 32. Ke2 Ke7 33. Kd3 Kd6 34. Bf3 Be5 35. h3 Rf7 36. Ke2 Re7 37. Kd3 Bf4 38. Kd4 Re3 39. Bxd5 Re2 40. Rxc6+ Kd7 41. Ra6 Rxb2 42. b4 Bg3 43. Kc5 1-0


[Site "https://www.chess.com"]

[Event "Titled Tuesday Blitz January 17 Early 2023"]
[White "Atabayev, Saparmyrat"]
[Black "Lenderman, Aleksandr"]
[WhiteFideId "14000571"]
[BlackFideId "2021285"]
[WhiteElo "2448"]
[BlackElo "2572"]
[Result "0-1"]
[Round "03"]
[TimeControl "180+2"]
[Date "2023.01.17"]
[WhiteClock "0:01:44"]
[BlackClock "0:02:00"]

1. e4 e6 2. b3 d5 3. Bb2 Nc6 4. Nc3 d4 5. Nce2 e5 6. Nf3 Nf6 7. Ng3 h5 8. h4 a6 9. c3 Bc5 10. Qc2 dxc3 11. dxc3 Ng4 12. Bc4 Bxf2+ 13. Qxf2 Nxf2 14. Kxf2 Qe7 15. a4 Be6 16. Ba3 Qf6 17. Bxe6 Qxe6 18. Rad1 Qxb3 19. Bc5 b6 20. Be3 f6 21. Nf5 Qf7 22. Bxb6 g6 0-1


[Site "https://www.chess.com"]

[Event "Titled Tuesday Blitz January 17 Early 2023"]
[White "Kobalia, Mikhail"]
[Black "Svane, Rasmus"]
[WhiteFideId "4119150"]
[BlackFideId "4657101"]
[WhiteElo "2578"]
[BlackElo "2623"]
[Result "1/2-1/2"]
[Round "03"]
[TimeControl "180+2"]
[Date "2023.01.17"]
[WhiteClock "0:00:04"]
[BlackClock "0:00:07"]

1. e4 e5 2. Nf3 Nc6 3. Bb5 a6 4. Ba4 Nf6 5. O-O Be7 6. Re1 b5 7. Bb3 O-O 8. a4 Bb7 9. d3 d6 10. Nc3 Na5 11. axb5 Nxb3 12. cxb3 axb5 13. Rxa8 Qxa8 14. Nxb5 Bc6 15. Nc3 Rb8 16. Bg5 Qb7 17. d4 h6 18. Bh4 g5 19. dxe5 gxh4 20. exf6 Bxf6 21. Nd4 Bxd4 22. Qxd4 Qxb3 23. Re2 Qb4 24. Qe3 Qa5 25. Qc1 Qg5 26. Re3 Re8 27. Qe1 f5 28. h3 Qg6 29. f3 fxe4 30. Nxe4 Bxe4 31. Rxe4 Rxe4 32. fxe4 Qg5 33. Qc3 c5 34. Qc4+ Kg7 35. Qe6 Qc1+ 36. Kh2 Qf4+ 37. Kh1 Qc1+ 38. Kh2 Qf4+ 39. Kh1 Qe5 40. Qg4+ Kh7 41. Qxh4 Kg6 42. Qg4+ Kf6 43. Qe2 Ke7 44. Qc2 h5 45. Kg1 h4 46. Kf1 Qf4+ 47. Ke2 Qg3 48. Kd1 Qe3 49. Qe2 Qd4+ 50. Kc2 Qa4+ 51. Kc1 Qa1+ 52. Kc2 Qa4+ 53. Kb1 Qd4 54. Qg4 Qf6 55. Ka2 Qf7+ 56. Ka3 Qf6 57. Kb3 Qf2 58. Qg5+ Kd7 59. Qf5+ Qxf5 60. exf5 d5 61. Kc3 Kd6 62. b4 cxb4+ 63. Kxb4 Ke5 64. Kc5 Kxf5 65. Kxd5 Kf4 66. Kd4 Kg3 67. Ke3 Kxg2 68. Ke2 Kxh3 69. Kf1 Kg3 70. Kg1 h3 71. Kh1 h2 1/2-1/2


[Site "https://www.chess.com"]

[Event "Titled Tuesday Blitz January 17 Early 2023"]
[White "Timofeev, Artyom"]
[Black "Rohith Krishna S"]
[WhiteFideId "4140419"]
[BlackFideId "46617051"]
[WhiteElo "2567"]
[BlackElo "2385"]
[Result "0-1"]
[Round "03"]
[TimeControl "180+2"]
[Date "2023.01.17"]
[WhiteClock "0:00:06"]
[BlackClock "0:00:12"]

1. e4 c5 2. Nf3 d6 3. d4 cxd4 4. Nxd4 Nf6 5. Nc3 Nc6 6. Bg5 e6 7. Bb5 Bd7 8. Bxc6 bxc6 9. Qf3 Qb6 10. O-O-O Be7 11. Nb3 h6 12. Bxf6 gxf6 13. Qe2 a5 14. a4 e5 15. Rd3 Be6 16. Nd2 Rb8 17. b3 Rg8 18. g3 f5 19. Rf3 fxe4 20. Qxe4 Kd7 21. Kb2 Qb4 22. Qd3 d5 23. Re1 Bd6 24. Rd1 Kc7 25. Qa6 Rb6 26. Qa7+ Rb7 27. Qa6 Rgb8 28. Kb1 f5 29. Na2 Qb6 30. Qxb6+ Rxb6 31. Re3 d4 32. Ree1 c5 33. Ka1 c4 34. Nxc4 Bxc4 35. bxc4 Rc6 36. c3 Rxc4 37. cxd4 e4 38. Rc1 Rxc1+ 39. Rxc1+ Kd7 40. Nc3 Rb4 41. Ka2 Rxd4 42. Kb3 Rd2 43. Rc2 Rd3 44. Kc4 Bb4 45. Nb5 Be1 46. Re2 Bb4 47. Nd4 Rc3+ 48. Kb5 Rc5+ 49. Ka6 Rd5 50. Nb5 Kc6 51. Rc2+ Rc5 52. Re2 Kd5 53. f3 exf3 54. Re3 f2 55. Rf3 Rc2 56. Rxf5+ Ke4 57. Rf4+ Ke3 58. Nd4 Rc1 59. Nf5+ Ke2 60. Nd4+ Kf1 61. Nf3 Kg2 62. Nh4+ Kxh2 63. Rxf2+ Kxg3 64. Rf6 Kxh4 65. Rxh6+ Kg5 66. Rb6 Kf5 67. Kb5 Ke4 68. Rg6 Rc5+ 69. Kb6 Kd3 70. Rg4 Kc3 71. Rg3+ Kb2 72. Rh3 Rc3 73. Rh5 Ka3 74. Kb5 Rb3 75. Rf5 Bc3+ 76. Kc4 Kxa4 77. Rf2 Bb4 78. Ra2+ Ra3 79. Rb2 Rc3+ 80. Kd4 Ka3 81. Rb1 Ka2 82. Rd1 a4 83. Rd2+ Kb3 84. Rd1 Rc2 85. Rb1+ Rb2 86. Rc1 a3 87. Kd3 a2 88. Ra1 Rb1 89. Rxa2 Kxa2 90. Kc2 Ba5 91. Kd3 Rc1 92. Ke2 Rc3 0-1


[Site "https://www.chess.com"]

[Event "Titled Tuesday Blitz January 17 Early 2023"]
[White "Nazari, Arad"]
[Black "Gholami Orimi, Mahdi"]
[WhiteFideId "12577324"]
[BlackFideId "12558486"]
[WhiteElo "2367"]
[BlackElo "2420"]
[Result "0-1"]
[Round "03"]
[TimeControl "180+2"]
[Date "2023.01.17"]
[WhiteClock "0:00:03"]
[BlackClock "0:00:54"]

1. e4 c5 2. Nf3 d6 3. Bb5+ Bd7 4. Bxd7+ Nxd7 5. O-O Ngf6 6. Qe2 e6 7. c3 Be7 8. d4 O-O 9. Bg5 h6 10. Bh4 Rc8 11. Rd1 cxd4 12. cxd4 d5 13. Bxf6 Nxf6 14. Nc3 Bb4 15. e5 Nd7 16. Rd3 Bxc3 17. bxc3 Rc6 18. Rb1 Qc7 19. Qd2 Rc8 20. Rb3 Nb6 21. Kh1 Na4 22. Ng1 Nxc3 23. Rg3 Kh8 24. Rh3 Kh7 25. Qf4 Qe7 26. Nf3 Ne4 27. Ng1 Qg5 28. Qxg5 Nxf2# 0-1


[Site "https://www.chess.com"]

[Event "Titled Tuesday Blitz January 17 Early 2023"]
[White "Narayanan, Srinath"]
[Black "Rakotomaharo, Fy Antenaina"]
[WhiteFideId "5018420"]
[BlackFideId "13100050"]
[WhiteElo "2559"]
[BlackElo "2459"]
[Result "1-0"]
[Round "03"]
[TimeControl "180+2"]
[Date "2023.01.17"]
[WhiteClock "0:00:06"]
[BlackClock "0:00:12"]

1. Nf3 Nf6 2. c4 e6 3. g3 d5 4. d4 Be7 5. Bg2 O-O 6. O-O dxc4 7. Qc2 b5 8. a4 b4 9. Nfd2 Nd5 10. Nxc4 c5 11. dxc5 Ba6 12. Rd1 Nd7 13. c6 Rc8 14. Ne3 Ne5 15. Nxd5 exd5 16. Rxd5 Rxc6 17. Qd1 Qc8 18. Bf4 Ng6 19. Nd2 Nxf4 20. gxf4 Bf6 21. Rb1 Rc2 22. Ne4 Bxb2 23. Nd6 Qc7 24. Be4 Rxe2 25. Bf3 Rc2 26. Be4 b3 27. Kg2 g6 28. Qf3 Rc3 29. Bd3 Ba3 30. Ne4 Rxd3 31. Rxd3 Bxd3 32. Qxd3 Qxf4 33. Rxb3 Be7 34. Rb7 Bh4 35. Rxa7 Re8 36. Ng3 Be7 37. Qd7 Kf8 38. a5 Bc5 39. Rc7 Qxf2+ 40. Kh3 Be3 41. a6 Bb6 42. Rb7 Be3 43. a7 Re6 44. a8=Q+ Kg7 45. Qxe6 1-0


[Site "https://www.chess.com"]

[Event "Titled Tuesday Blitz January 17 Early 2023"]
[White "Hambleton, Aman"]
[Black "Dardha, Daniel"]
[WhiteFideId "2606577"]
[BlackFideId "240990"]
[WhiteElo "2420"]
[BlackElo "2631"]
[Result "0-1"]
[Round "03"]
[TimeControl "180+2"]
[Date "2023.01.17"]
[WhiteClock "0:00:01"]
[BlackClock "0:00:12"]

1. d4 Nf6 2. c4 e6 3. Nc3 d5 4. cxd5 Nxd5 5. e4 Nxc3 6. bxc3 c5 7. Nf3 cxd4 8. cxd4 Bb4+ 9. Bd2 Bxd2+ 10. Qxd2 O-O 11. Bc4 b6 12. O-O Nd7 13. Rac1 Bb7 14. Bd3 h6 15. Qf4 Nf6 16. Rfe1 Re8 17. Rc7 Re7 18. Rec1 e5 19. Rxe7 exf4 20. Rxb7 Rc8 21. Rd1 Rc7 22. Rxc7 Qxc7 23. d5 Qc5 24. d6 g6 25. e5 Nd7 26. h3 Kf8 27. a4 Ke8 28. Bb5 Kd8 29. Bxd7 Kxd7 30. Rd4 g5 31. Kh2 h5 32. Rd2 g4 33. hxg4 hxg4 34. Nh4 Qxe5 35. g3 f3 36. Rd1 a6 37. Kg1 b5 38. axb5 axb5 39. Rb1 Kxd6 40. Rd1+ Kc6 41. Rc1+ Kb6 42. Rb1 Ka5 43. Rc1 b4 44. Kh2 b3 45. Rc8 b2 46. Ra8+ Kb6 0-1


[Site "https://www.chess.com"]

[Event "Titled Tuesday Blitz January 17 Early 2023"]
[White "Shimanov, Aleksandr"]
[Black "Ashraf, Artin"]
[WhiteFideId "4198603"]
[BlackFideId "22514805"]
[WhiteElo "2581"]
[BlackElo "2314"]
[Result "1-0"]
[Round "03"]
[TimeControl "180+2"]
[Date "2023.01.17"]
[WhiteClock "0:00:19"]
[BlackClock "0:00:04"]

1. e4 c5 2. Nf3 d6 3. d4 cxd4 4. Qxd4 Nc6 5. Qd3 g6 6. Nc3 Bg7 7. Be2 Nf6 8. O-O O-O 9. Nd5 Be6 10. c3 Rc8 11. Bg5 Nd7 12. Rad1 a6 13. Qe3 b5 14. a3 Nde5 15. Nxe5 Bxe5 16. f4 Bg7 17. e5 Bxd5 18. Rxd5 Qc7 19. exd6 exd6 20. Rfd1 Rfe8 21. Qf2 h6 22. Bh4 Ne7 23. Rxd6 Nf5 24. Rd7 Qc5 25. Qxc5 Rxc5 26. Bf2 Rxe2 27. Bxc5 Rxb2 28. Rd8+ Kh7 29. R1d7 Rb1+ 30. Kf2 Rb2+ 31. Kf1 Rb1+ 32. Ke2 Rb2+ 33. Kd3 Rxg2 34. Rxf7 Rxh2 35. Bd4 Rh3+ 36. Kc2 Rh2+ 37. Kb3 Rd2 38. Rdd7 h5 39. Rxg7+ Nxg7 40. Rxg7+ Kh6 41. Rg8 Kh7 42. Rh8# 1-0


[Site "https://www.chess.com"]

[Event "Titled Tuesday Blitz January 17 Early 2023"]
[White "Sanal, Vahap"]
[Black "Tatarinov, Dmitry"]
[WhiteFideId "6300545"]
[BlackFideId "24160067"]
[WhiteElo "2600"]
[BlackElo "2310"]
[Result "1/2-1/2"]
[Round "03"]
[TimeControl "180+2"]
[Date "2023.01.17"]
[WhiteClock "0:00:03"]
[BlackClock "0:00:16"]

1. d4 Nf6 2. Nf3 e6 3. c4 d5 4. Nc3 Be7 5. Bg5 h6 6. Bh4 O-O 7. e3 Nbd7 8. Be2 b6 9. cxd5 Nxd5 10. Bxe7 Qxe7 11. Nxd5 exd5 12. O-O Nf6 13. Rc1 c5 14. dxc5 bxc5 15. Qc2 Rb8 16. b3 Ne4 17. Nd2 Nxd2 18. Qxd2 Be6 19. Bf3 Rfd8 20. Qa5 Rdc8 21. Rfd1 d4 22. exd4 cxd4 23. Rxc8+ Rxc8 24. Rxd4 Rc2 25. Qd8+ Qf8 26. Qa5 Rc1+ 27. Rd1 Rxd1+ 28. Bxd1 Qd6 29. Be2 Qd4 30. h3 g6 31. Bf3 h5 32. Qe1 h4 33. Qe2 Qc3 34. Kh2 Qc7+ 35. g3 a5 36. Kg2 hxg3 37. fxg3 Qc3 38. h4 Qa1 39. Qd2 Qe5 40. Qf2 Qc3 41. Qe2 Kg7 42. h5 gxh5 43. Bxh5 Bd5+ 44. Bf3 Be6 45. Be4 Qd4 46. Bf3 Qc3 47. Qf2 Kg8 48. Kh2 Kg7 49. Kg1 Kg8 50. Qe2 Kg7 51. Kf2 Kg8 52. Qe3 Qb2+ 53. Qe2 Qd4+ 54. Kg2 Qc3 55. Ba8 Kg7 56. Bb7 Kg8 57. Qf2 Kg7 58. Ba8 Kg8 59. Kh2 Qd3 60. Bh1 Qh7+ 61. Kg1 Qb1+ 62. Kh2 Qh7+ 63. Kg1 Qg7 64. Be4 Qe5 65. Bf3 Qc3 66. Kg2 Bf5 67. g4 Be6 68. Qe2 Kg7 69. Kg3 Qc7+ 70. Kh3 Qf4 71. Kg2 Kg8 72. Kg1 Qg3+ 73. Qg2 Qe1+ 74. Kh2 Qe5+ 75. Qg3 Qc3 76. Bg2 Qb2 77. Qb8+ Kg7 78. Qf4 Qxa2 79. Qg5+ Kf8 80. Qd8+ Kg7 81. Qg5+ Kf8 82. Qc5+ Kg8 83. g5 Bxb3 84. Kg3 Be6 85. Qd4 Qb3+ 86. Bf3 Qb8+ 87. Kg2 Qb4 88. Qf6 a4 89. g6 Qf8 90. gxf7+ Bxf7 91. Qg5+ Qg7 92. Qxg7+ Kxg7 93. Be4 Kf6 94. Kf2 Ke5 95. Ke3 a3 96. Bb1 Kd6 97. Kd4 Be6 98. Kc3 Kc5 99. Bg6 Bd5 100. Bc2 Kb5 101. Bb1 Ka5 102. Bc2 Be6 103. Bb3 Bf5 104. Bc2 Be6 105. Bb3 Bd7 106. Bc2 Ba4 107. Bxa4 a2 108. Kb2 Kxa4 109. Kxa2 1/2-1/2


[Site "https://www.chess.com"]

[Event "Titled Tuesday Blitz January 17 Early 2023"]
[White "Dourerassou, Jonathan"]
[Black "Zierk, Steven"]
[WhiteFideId "628050"]
[BlackFideId "2034255"]
[WhiteElo "2414"]
[BlackElo "2488"]
[Result "0-1"]
[Round "03"]
[TimeControl "180+2"]
[Date "2023.01.17"]
[WhiteClock "0:00:25"]
[BlackClock "0:00:07"]

1. d4 e6 2. e4 d5 3. Nc3 Bb4 4. Ne2 dxe4 5. a3 Be7 6. Nxe4 Nf6 7. N2g3 Nbd7 8. Bd3 c5 9. dxc5 Nxc5 10. Nxc5 Bxc5 11. O-O Bd7 12. Bg5 Bc6 13. Bxf6 Qxf6 14. Be4 Qxb2 15. Bxc6+ bxc6 16. Ne4 Be7 17. Nd6+ Kf8 18. Rb1 Qxa3 19. Nc4 Qc5 20. Qe2 g6 21. Rb7 Kg7 22. Qe5+ Qxe5 23. Nxe5 Rhe8 24. Ra1 a6 25. Nxc6 Bf6 26. Ra2 Rec8 27. Rb6 a5 28. g3 a4 29. Kg2 a3 30. h4 h5 31. Kf3 Ra4 32. Nb4 Bb2 33. Rb7 Ra5 34. Ke3 Rc3+ 35. Nd3 g5 36. hxg5 Rxc2 37. Nxb2 Rxb2 38. Rbxb2 axb2 39. Rxb2 Rxg5 40. Rb4 Kg6 41. Kf3 Rc5 42. Ra4 f5 43. Rb4 e5 44. Kg2 Rc2 45. Kf3 e4+ 46. Ke3 Kg5 47. Rb8 Kg4 48. Rg8+ Kh3 49. Rg5 Rc3+ 50. Ke2 Rf3 51. Rxh5+ Kg2 52. Rg5 Rxf2+ 53. Ke3 Rf3+ 54. Ke2 Rf2+ 55. Ke3 Kf1 56. g4 Rf3+ 57. Kd4 e3 58. Rxf5 Rxf5 59. gxf5 e2 60. Ke5 e1=Q+ 61. Kf6 Kf2 62. Kg7 Qc3+ 63. f6 Kf3 64. Kg6 Qc5 65. Kg7 Qg5+ 66. Kf7 Kf4 67. Ke6 Qe5+ 68. Kf7 Kf5 0-1


[Site "https://www.chess.com"]

[Event "Titled Tuesday Blitz January 17 Early 2023"]
[White "Boyer, Mahel"]
[Black "Oparin, Grigoriy"]
[WhiteFideId "45102422"]
[BlackFideId "24125890"]
[WhiteElo "2489"]
[BlackElo "2667"]
[Result "0-1"]
[Round "03"]
[TimeControl "180+2"]
[Date "2023.01.17"]
[WhiteClock "0:02:32"]
[BlackClock "0:02:23"]

1. e4 c5 2. d3 Nc6 3. g3 g6 4. Bh6 Bxh6 5. Bg2 Bg7 6. c3 e6 7. f4 Nge7 8. Nf3 Qb6 9. O-O Qxb2 10. Nbd2 Qxc3 11. Rb1 Qxd3 12. Re1 Nd4 13. Ne5 Bxe5 14. fxe5 Nec6 15. Rc1 Nxe5 16. Rxc5 Qxd2 17. Qxd2 Nef3+ 18. Kf2 Nxd2 19. Ke3 d6 20. Rc3 Nc6 21. Kxd2 e5 22. Rd3 Ke7 23. Rxd6 Kxd6 0-1


[Site "https://www.chess.com"]

[Event "Titled Tuesday Blitz January 17 Early 2023"]
[White "Tristan, Leonardo"]
[Black "Mitrabha, Guha"]
[WhiteFideId "113816"]
[BlackFideId "5057000"]
[WhiteElo "2545"]
[BlackElo "2507"]
[Result "0-1"]
[Round "03"]
[TimeControl "180+2"]
[Date "2023.01.17"]
[WhiteClock "0:02:25"]
[BlackClock "0:02:32"]

1. d4 Nf6 2. Nf3 c5 3. c3 b6 4. Bf4 Bb7 5. e3 g6 6. Be2 Bg7 7. O-O O-O 8. Nbd2 d6 9. h3 Nbd7 10. Bh2 Ne4 11. Nxe4 Bxe4 12. Nd2 Bb7 13. a4 a6 14. Qb3 Qc7 15. Rfd1 Rfc8 16. Bc4 Rf8 17. e4 cxd4 18. cxd4 Bxd4 19. Rac1 Nc5 20. Qf3 Bxb2 21. Rc2 Bg7 22. Nb3 Bxe4 0-1


[Site "https://www.chess.com"]

[Event "Titled Tuesday Blitz January 17 Early 2023"]
[White "Movahed, Sina"]
[Black "Starozhilov, Leonid"]
[WhiteFideId "42520835"]
[BlackFideId "14106752"]
[WhiteElo "2340"]
[BlackElo "2313"]
[Result "1/2-1/2"]
[Round "03"]
[TimeControl "180+2"]
[Date "2023.01.17"]
[WhiteClock "0:00:26"]
[BlackClock "0:00:06"]

1. Nf3 Nf6 2. c4 g6 3. b4 Bg7 4. Bb2 O-O 5. e3 d6 6. d4 c5 7. bxc5 dxc5 8. d5 e6 9. Nc3 exd5 10. Nxd5 Nxd5 11. Bxg7 Nxe3 12. fxe3 Qxd1+ 13. Rxd1 Kxg7 14. Bd3 Nc6 15. Be4 Re8 16. Bxc6 bxc6 17. Kf2 Be6 18. Rd2 Rab8 19. Rc1 Rb4 20. Ne5 Rc8 21. Rc3 a5 22. a3 Rb1 23. Nd3 Rd8 24. e4 Rd4 25. Ke3 Bxc4 26. Nxc5 Rxd2 27. Kxd2 Bf1 28. g3 Rb2+ 29. Rc2 Rxc2+ 30. Kxc2 Kf6 31. Kd2 Ke5 32. Ke3 Bb5 33. a4 Kd6 34. Kd4 Bf1 35. e5+ Kc7 36. Ne4 Kb6 37. Nd6 c5+ 38. Kc3 Kc6 39. Nxf7 Kd5 40. h4 Be2 41. Ng5 h6 42. e6 Kd6 43. Ne4+ Kxe6 44. Nxc5+ Kf5 45. Kd2 Bc4 46. Ke3 g5 47. hxg5 Kxg5 48. Ne4+ Kg4 49. Kf2 Bb3 50. Nc5 Bc2 51. Nb7 Bxa4 52. Nxa5 h5 53. Nc4 h4 54. Ne5+ Kf5 55. gxh4 Kxe5 56. h5 Be8 57. h6 Kf6 58. h7 Kg7 59. h8=Q+ Kxh8 1/2-1/2


[Site "https://www.chess.com"]

[Event "Titled Tuesday Blitz January 17 Early 2023"]
[White "Koellner, Ruben Gideon"]
[Black "Kamsky, Gata"]
[WhiteFideId "12993093"]
[BlackFideId "2000024"]
[WhiteElo "2426"]
[BlackElo "2665"]
[Result "0-1"]
[Round "03"]
[TimeControl "180+2"]
[Date "2023.01.17"]
[WhiteClock "0:00:01"]
[BlackClock "0:00:24"]

1. d4 Nf6 2. Nf3 e6 3. Nbd2 d5 4. e3 b6 5. Bd3 Bb7 6. Ne5 Nbd7 7. f4 c5 8. c3 c4 9. Bc2 b5 10. Qf3 b4 11. O-O Qc7 12. g4 h6 13. h4 Bd6 14. g5 hxg5 15. hxg5 Bxe5 16. fxe5 Nxe5 17. dxe5 d4 18. e4 O-O-O 19. cxd4 Rxd4 20. Qf4 Qc5 21. Rf2 Nh5 22. Qh2 Rdd8 23. Nf1 Nf6 24. Qg3 Nxe4 25. Bxe4 Bxe4 26. Nh2 Rd1+ 27. Nf1 Rh1# 0-1


[Site "https://www.chess.com"]

[Event "Titled Tuesday Blitz January 17 Early 2023"]
[White "Kovalenko, Igor"]
[Black "Alex_Sahakyan2006"]
[WhiteFideId "14117908"]
[WhiteElo "2674"]
[BlackElo "2675"]
[Result "1-0"]
[Round "03"]
[TimeControl "180+2"]
[Date "2023.01.17"]
[WhiteClock "0:00:46"]
[BlackClock "0:00:01"]

1. d4 Nf6 2. Nf3 g6 3. Bg5 Bg7 4. Nbd2 d6 5. e3 O-O 6. c3 Nbd7 7. Bd3 e5 8. O-O Qe8 9. Qc2 h6 10. Bh4 Nh5 11. g4 Nhf6 12. h3 b6 13. Rfe1 Bb7 14. e4 h5 15. g5 Nh7 16. Kh2 exd4 17. cxd4 c5 18. Nc4 cxd4 19. Nxd6 Qb8 20. Bg3 Ne5 21. Nxe5 Qxd6 22. Nxf7 Qe7 23. Nh6+ Kh8 24. h4 Nxg5 25. hxg5 Qxg5 26. Qc7 h4 27. Nf7+ Rxf7 28. Qxf7 hxg3+ 29. Kg2 gxf2+ 30. Kxf2 Qh4+ 31. Kg2 Qg4+ 32. Kf2 Qh4+ 33. Ke2 Qh2+ 34. Qf2 Qh5+ 35. Qf3 Qxf3+ 36. Kxf3 Rf8+ 37. Ke2 Be5 38. Rf1 Rc8 39. Rf7 Bc6 40. Rc1 Kg8 41. Rxa7 g5 42. Ba6 1-0


[Site "https://www.chess.com"]

[Event "Titled Tuesday Blitz January 17 Early 2023"]
[White "Papasimakopoulos, Alexandros"]
[Black "Shankland, Sam"]
[WhiteFideId "4244125"]
[BlackFideId "2004887"]
[WhiteElo "2401"]
[BlackElo "2711"]
[Result "0-1"]
[Round "03"]
[TimeControl "180+2"]
[Date "2023.01.17"]
[WhiteClock "0:01:21"]
[BlackClock "0:01:23"]

1. d4 d5 2. c4 e6 3. Nc3 Nf6 4. cxd5 Nxd5 5. e4 Nxc3 6. bxc3 c5 7. Rb1 Be7 8. Nf3 O-O 9. Bc4 a6 10. a4 Qc7 11. Qe2 cxd4 12. cxd4 Bd7 13. Bb3 b5 14. O-O bxa4 15. Ba2 Nc6 16. d5 Nb4 17. dxe6 Bb5 18. exf7+ Kh8 19. Qd2 Rad8 20. Bd5 Nxd5 21. exd5 Bxf1 22. Kxf1 Qc4+ 23. Kg1 Qxd5 24. Qe3 Bc5 25. Qe1 Qxf7 26. Bb2 a3 27. Ba1 h6 28. Qc1 Qg6 29. Rb7 Rc8 30. Rxg7 Bxf2+ 31. Kxf2 Rxc1 32. Rxg6+ Rxa1 33. Rxh6+ Kg7 34. Rxa6 a2 35. g4 Rxf3+ 0-1


[Site "https://www.chess.com"]

[Event "Titled Tuesday Blitz January 17 Early 2023"]
[White "Moroni, Luca Jr"]
[Black "Bocharov, Dmitry"]
[WhiteFideId "865834"]
[BlackFideId "4138716"]
[WhiteElo "2535"]
[BlackElo "2516"]
[Result "0-1"]
[Round "03"]
[TimeControl "180+2"]
[Date "2023.01.17"]
[WhiteClock "0:00:13"]
[BlackClock "0:01:31"]

1. d4 Nf6 2. Nf3 e6 3. Bf4 Be7 4. e3 Nh5 5. Bg3 O-O 6. Bd3 d6 7. Nbd2 Nd7 8. c4 b6 9. Be4 Rb8 10. Qa4 a5 11. O-O f5 12. Bc6 g5 13. h3 Nxg3 14. fxg3 Kg7 15. e4 f4 16. gxf4 Rxf4 17. g3 Rf8 18. Qb5 e5 19. Kh2 Bf6 20. Nb3 Qe7 21. Rf2 exd4 22. Raf1 Nc5 23. Nbxd4 Bxd4 24. Nxd4 Ba6 25. Bd5 Bxb5 26. cxb5 Rxf2+ 27. Rxf2 Rf8 28. Nf5+ Rxf5 29. Rxf5 0-1


[Site "https://www.chess.com"]

[Event "Titled Tuesday Blitz January 17 Early 2023"]
[White "Vlassov, Nikolai"]
[Black "Kravtsiv, Martyn"]
[WhiteFideId "4103360"]
[BlackFideId "14113147"]
[WhiteElo "2283"]
[BlackElo "2598"]
[Result "1/2-1/2"]
[Round "03"]
[TimeControl "180+2"]
[Date "2023.01.17"]
[WhiteClock "0:00:18"]
[BlackClock "0:00:10"]

1. e4 e5 2. Bc4 Nf6 3. d3 Nc6 4. Nf3 Bc5 5. Bg5 h6 6. Bh4 Be7 7. Nc3 d6 8. Bxf6 Bxf6 9. Nd5 g6 10. Nxf6+ Qxf6 11. h3 Na5 12. Bd5 c6 13. Bxf7+ Kxf7 14. b4 b5 15. bxa5 Kg7 16. O-O Be6 17. Nh2 h5 18. Qd2 c5 19. c3 Rab8 20. f4 Rhf8 21. fxe5 Qxe5 22. Nf3 Qf4 23. Qxf4 Rxf4 24. Ng5 Rxf1+ 25. Kxf1 Bg8 26. Ke2 b4 27. c4 b3 28. axb3 Rxb3 29. Ke3 Bxc4 30. Rd1 Kf6 31. Nh7+ Ke7 32. Ng5 Ra3 33. h4 Bb5 34. e5 dxe5 35. Ke4 Rxa5 36. Rf1 Be8 37. Kxe5 c4+ 38. Kd4 cxd3 39. Re1+ Kd8 40. Ne6+ Kc8 41. Nc5 Bc6 42. Nxd3 Bxg2 43. Rg1 Ra4+ 44. Kc5 Rg4 45. Ne5 Rg3 46. Kd6 a5 47. Rc1+ Kb7 48. Rb1+ Ka6 49. Nd7 Rd3+ 50. Kc7 Rc3+ 51. Kd6 Rc6+ 52. Ke5 Ka7 53. Ra1 Ra6 54. Nc5 Rc6 55. Rxa5+ Kb6 56. Nb3 Rc3 57. Ra3 Bc6 58. Nd2 Rxa3 59. Nc4+ Kc5 60. Nxa3 Ba4 61. Kf6 Kb4 62. Nb1 Bc2 63. Nd2 Kc3 64. Nf3 Kc4 65. Ne5+ Kd4 66. Nxg6 Ke4 67. Kg5 Kd5 68. Nf4+ Kd6 69. Kxh5 Ke7 70. Kh6 Kf8 71. Ng6+ Bxg6 72. Kxg6 Kg8 73. h5 Kh8 74. h6 Kg8 75. h7+ Kh8 76. Kh6 1/2-1/2


[Site "https://www.chess.com"]